Map: Acropolis LE

Players

lymF

  • Race: Zerg Zerg
  • League: Master
  • Spawn Location: 11:00

Mez - Winner!

  • Race: Terran Terran
  • League: Master
  • Spawn Location: 5:00

VOD

Have the link to the VOD?

Description

Time

  • Played on: Sept. 2, 2019, 4:17 a.m.
  • Length: 8:14
Show
View Real Time Build Order
Export as new Build Order

lymF Zerg 

Build Orders: Hatch First 

Get SALT Encoding   

  12  0:01  Drone  
  13  0:13  Overlord  
  13  0:16  Drone  
  14  0:32  Drone x2  
  14  0:35  Drone  
  17  0:53  Hatchery  
  17  0:56  Drone  
  17  1:05  Drone  
  18  1:13  Extractor  
  18  1:15  Spawning Pool  
  16  1:19  Drone  
  16  1:22  Drone  
  18  1:28  Drone  
  19  1:40  Drone  
  20  1:50  Drone  
  21  2:01  Zergling x2  
  21  2:04  Queen  
  21  2:05  Queen  
  21  2:06  Zergling x2  
  27  2:12  Zergling x2  
  28  2:16  Metabolic Boost  
  28  2:32  Extractor  
  28  2:35  Drone  
  29  2:45  Overlord  
  27  2:59  Drone  
  27  3:04  Queen x2  
  32  3:13  Drone x3  
  32  3:14  Drone  
  36  3:24  Hatchery  
  36  3:25  Overlord x2  
  35  3:43  Zergling x2  
  35  3:44  Zergling x12  
  42  3:51  Zergling x2  
  43  3:56  Evolution Chamber x2  
  41  4:05  Zergling x4  
  41  4:06  Queen  
  45  4:13  Zergling x2  
  45  4:14  Zergling x10  
  51  4:24  Overlord, Drone  
  52  4:27  Zerg Melee Weapons Level 1  
  45  4:43  Drone x6  
  51  4:46  Zerg Ground Armor Level 1  
  51  4:52  Lair  
  51  5:00  Queen  
  53  5:08  Drone x4  
  53  5:09  Drone  
  55  5:24  Spore Crawler  
  55  5:25  Spore Crawler  
  35  5:45  Drone x4  
  35  5:46  Drone x7  
  35  5:47  Drone  
  45  5:58  Hydralisk Den  
  44  6:06  Spore Crawler  
  44  6:07  Drone  
  44  6:08  Spine Crawler, Drone  
  44  6:16  Extractor  
  44  6:17  Extractor  
  42  6:20  Drone x5  
  42  6:24  Overlord  
  47  6:42  Drone  
  47  6:43  Drone x2  
  47  6:45  Drone x3  
  53  6:47  Drone x2  
  53  6:48  Drone  
  53  6:49  Drone x2  
  53  6:52  Drone, Extractor  
  53  6:53  Drone  
  59  6:55  Zergling x8  
  63  7:14  Drone x3  
  63  7:15  Overlord x2  
  65  7:27  Drone  
  65  7:28  Overlord x2  
  66  7:33  Hatchery  
  65  7:40  Zergling x2  
  65  7:41  Zergling x4  
  65  7:44  Zergling x4  
  63  7:47  Hatchery  
  63  7:49  Zergling x4  
  63  7:50  Zergling x4  
  63  7:53  Zergling x4  
Show
View Real Time Build Order
Export as new Build Order

Mez Terran - Winner!

Build Orders: Liberator Opening, Reaper Expand 

Get SALT Encoding   

  12  0:00  SCV  
  13  0:12  SCV  
  14  0:17  Supply Depot  
  14  0:25  SCV  
  15  0:38  SCV  
  15  0:40  Barracks  
  16  0:44  Refinery  
  16  0:50  SCV  
  17  1:02  SCV  
  18  1:14  SCV  
  19  1:29  Orbital Command, Reaper  
  20  1:40  Command Center  
  20  1:49  Supply Depot  
  20  1:55  SCV  
  20  2:01  Marine  
  22  2:07  SCV  
  23  2:20  SCV  
  23  2:22  Factory  
  24  2:23  Barracks Reactor  
  24  2:27  Refinery  
  24  2:32  SCV  
  25  2:41  Engineering Bay  
  25  2:47  SCV  
  26  3:00  Orbital Command  
  26  3:01  SCV  
  25  3:10  Starport  
  25  3:14  Hellion x2  
  25  3:15  SCV  
  25  3:16  Barracks Tech Lab  
  30  3:25  SCV  
  31  3:28  SCV  
  31  3:29  Supply Depot  
  31  3:30  Liberator  
  32  3:37  SCV  
  32  3:38  Hellion x2  
  32  3:40  SCV  
  41  3:50  SCV  
  41  3:52  SCV  
  43  3:59  Hellion x2  
  43  4:00  Supply Depot  
  43  4:02  Marine, SCV  
  49  4:04  SCV  
  50  4:14  SCV  
  50  4:16  SCV  
  52  4:23  Command Center  
  52  4:27  SCV  
  52  4:28  SCV  
  54  4:33  Factory Reactor  
  54  4:40  SCV x2  
  54  4:42  Starport Reactor  
  54  4:44  Marine  
  54  4:45  Barracks, Stimpack  
  57  4:49  Barracks  
  57  4:52  SCV x2, Engineering Bay  
  59  4:54  Engineering Bay  
  59  5:04  SCV x2  
  59  5:06  Marine  
  62  5:07  Refinery  
  62  5:09  Refinery  
  62  5:22  Terran Infantry Armor Level 1, Terran Infantry Weapons Level 1  
  62  5:25  Factory Tech Lab  
  62  5:34  Marine, SCV x2  
  63  5:42  Marine  
  59  5:45  Siege Tank  
  59  5:46  SCV x2  
  59  5:47  Medivac  
  59  5:52  Marine  
  59  5:56  Orbital Command  
  59  5:58  Marine x2, SCV  
  59  6:00  Marine  
  59  6:02  Medivac  
  65  6:06  Barracks, Supply Depot  
  65  6:07  Barracks, Supply Depot  
  65  6:10  Marine  
  66  6:16  Marine x2, SCV x2, Orbital Command  
  70  6:20  Siege Tank  
  73  6:32  Marine x3  
  75  6:33  Supply Depot  
  75  6:34  Marine x2, Medivac x2, Supply Depot x2  
  75  6:37  SCV x2  
  84  6:41  Supply Depot  
  84  6:50  Marine x3  
  84  6:52  Marine x2  
  84  6:53  Combat Shield  
  89  6:56  Barracks Reactor  
  89  6:58  SCV  
  89  6:59  SCV x2  
  93  7:06  Barracks Reactor  
  93  7:07  Siege Tank  
  93  7:08  Marine x3, Supply Depot x2  
  98  7:11  SCV  
  99  7:16  Marine x2  
  99  7:18  SCV x2  
  99  7:22  Command Center  
  103  7:23  SCV  
  103  7:25  Marine  
  103  7:27  Marine  
  103  7:28  Marine  
  103  7:29  Armory  
  106  7:30  SCV  
  106  7:32  SCV  
  106  7:33  Marine  
  106  7:34  Marine  
  106  7:35  SCV  
  110  7:38  Marine, Supply Depot  
  110  7:39  Marine  
  110  7:40  Supply Depot  
  110  7:41  Supply Depot  
  110  7:43  Marine  
  110  7:44  Marine x2  
  113  7:45  Marine  
  113  7:46  Marine  
  120  7:51  Marine x2  
Tags
 
Add a new tag
Caveats
  • Supply blocks, unpowered buildings, or Contaminate may cause inaccurate times.
  • Supply counts are checked every 10 seconds.